 Dungeon Crawl Stone Soup version 0.31-a0-640-g39d97e502b (webtiles) character file.

Game seed: 619218110703014354

1 GordonOverkill the Sneak (level 1, 0/11 HPs)
             Began as a Vine Stalker Delver on Aug 28, 2023.
             Slain by an orc
             ... wielding a +0 spear
              (4 damage)
             ... on level 7 of the Dungeon.
             The game lasted 00:00:26 (66 turns).

GordonOverkill the Sneak (Vine Stalker Delver)        Turns: 66, Time: 00:00:27

Health: 0/11       AC:  3    Str: 14    XL:     1   Next: 20%
Magic:  0/2        EV: 11    Int: 10    God:
Gold:   16         SH:  0    Dex: 15    Spells: 0/0 levels left

rFire   . .          .
                       - Unarmed
rCold   . . .        (no shield)
rNeg    . . .        a - +0 leather armour
rPois   .            (no helmet)
rElec   .            (no cloak)
rCorr   .            (no gloves)
SInv    .            (no boots)
Will    .....        (no amulet)
Stlth   +++          (no ring)
HPRegen 0.21/turn    (no ring)
MPRegen 0.08/turn

%: guardian spirit
@: no status effects
A: fangs 2, magic shield, antimagic bite, no potion heal 2
a: no special abilities


You were on level 7 of the Dungeon.
You visited 1 branch of the dungeon, and saw 3 of its levels.

You collected 16 gold pieces.

Inventory:

Armour
 a - a +0 leather armour (worn)
Wands
 f - a wand of digging (3)
Scrolls
 b - a scroll of fog
 c - a scroll of revelation
 d - a scroll of fear
Potions
 e - a potion of haste
 g - a potion of curing {unknown}


   Skills:
 + Level 2.7 Fighting
 + Level 1.6 Dodging
 - Level 6.0 Stealth
 + Level 2.0 Unarmed Combat


You couldn't memorise any spells.
You didn't know any spells.
Your spell library was empty.

Dungeon Overview and Level Annotations

Branches:
Dungeon (7/15)             Temple (0/1) D:7

Altars:
Sif Muna


Innate Abilities, Weirdness & Mutations

You have extremely sharp teeth.
When hurt, damage is shared between your health and your magic reserves.
Your bite disrupts and absorbs the magic of your enemies.
Potions cannot restore your health.


Message History

Found a stone staircase leading down.
Found 16 gold pieces.
You now have 16 gold pieces.
Found a shimmering blue altar of Sif Muna.
An orc comes into view. It is wielding a +0 whip.
Found a stone staircase leading up.
There is a stone staircase leading down here.
You climb downwards.
You hear the roar of battle.
There is an entrance to a bailey on this level.
Hurry and find it before the portal closes forever!
A sourceless malevolence fills the Dungeon... and a teleportation trap spontaneously manifests!
You are yanked towards a nearby monster!
Your surroundings suddenly seem different.
A goblin comes into view. It is wielding a +0 spear.
Found a translucent brass ring.
Found a staircase to the Ecumenical Temple.
The goblin shouts!
You hear a shout!
An orc comes into view. It is wielding a +0 spear.
The goblin closely misses you. The goblin hits you with a +0 spear.
You hit the goblin.
The goblin is heavily wounded.
The goblin hits you but does no damage.
The orc hits you from afar with a +0 spear.
* * * LOW HITPOINT WARNING * * *
A gnoll comes into view. It is wielding a +0 spear.
The gnoll shouts!
You hit the goblin.
The goblin is severely wounded.
The goblin hits you but does no damage.
The orc hits you from afar with a +0 spear.
* * * LOW HITPOINT WARNING * * *
You hit the goblin.
You kill the goblin!
The orc barely misses you. The orc barely misses you.
You hit the orc. Your bite misses the orc.
The orc is moderately wounded.
The orc hits you with a +0 spear.
You die...

#~...♣.♣..
### #~.....=.
...###~.....#
~~~~~~.....#
#........#
#..g.....#
#........#
#....)...#
#.....o@.#
#........#
##########


You could see a gnoll and an orc.

Vanquished Creatures
  A goblin (D:7)
1 creature vanquished.

Notes
Turn   | Place    | Note
-------+----------+-------------------------------------------
     0 | D:5      | GordonOverkill the Vine Stalker Delver began the quest for
                  | the Orb.
     0 | D:5      | Reached XP level 1. HP: 11/11 MP: 2/2
    25 | D:6      | Found a shimmering blue altar of Sif Muna.
    49 | D:7      | Found a staircase to the Ecumenical Temple.
    66 | D:7      | Slain by an orc

Illustrated notes

Levels and vault maps discovered:
D:5:      layout_rooms, hellmonk_okawaru_the_only_friend_you_need,
          grunt_ministairs_15
D:6:      layout_basic, lemuel_coloured_pillars_altar
D:7:      layout_basic, minmay_temple_entry_trees,
          lightli_bailey_entry_fortress, minmay_fire_ice_demons, uniq_duvessa,
          uniq_joseph

Action                     || total
---------------------------++-------
  Melee: Unarmed           ||     4
 Armour: Leather armour    ||     2
  Dodge: Dodged            ||     3

Table legend: (Time is in decaauts)
 A = Elapsed time spent in this place.
 B = Non-inter-level travel time spent in this place.
 C = Inter-level travel time spent in this place.
 D = Time resting spent in this place.
 E = Time spent auto-exploring this place.
 F = Levels seen in this place.
 G = Mean time per level.
                   A        B        C        D        E       F      G
               +--------+--------+--------+--------+--------+-----+--------+
         Total |     65 |     65 |      0 |      0 |      0 |   3 |   21.7 |
       Dungeon |     65 |     65 |      0 |      0 |      0 |   3 |   21.7 |
               +--------+--------+--------+--------+--------+-----+--------+

Top non-repeatable levels by time:
     D:6: 38 daAuts
     D:7: 16 daAuts
     D:5: 10 daAuts
